Workbook
Name aa: #REF!
Name aa: #REF!
Name adasda: #REF!
Name adasda: #REF!
Name adasda: #REF!
Name BDI: 'Anexo I Planilha 1º ano'!#REF!
Name BDI: [1]Cumulativa!$N$7
Name BDI: #REF!
Name BDI: #REF!
Name BDI: #REF!
Name BDI: #REF!
Name Qtd_Dias: #REF!
Name Qtd_Dias: 'Anexo IA HORAS,VT,Vl'!#REF!
Name Qtd_Dias: '[2]HORAS,VT,VA'!#REF!
Name Qtd_Dias: '[3]HORAS,VT,VA'!#REF!
Name Qtd_Dias: '[2]HORAS,VT,VA'!#REF!
Name Qtd_Dias: #REF!

Sheet Anexo I Planilha 1º ano
A2: PLANILHA DE FORMAÇÃO DE PREÇOS - vigente de 01 de novembro de 2022 a 31 de outubro de 2023
A3: Posto de Trabalho | B3: Carga Horária semanal do Posto de Trabalho | C3: Convenção Coletiva de Trabalho (poderá ser alterada) Vigência Data-base | D3: MONTANTE "A" | G3: MONTANTE "B" | J3: Somatório Montantes "A" e "B" | K3: BDI Calculado sobre o somatório dos Montantes "A" e "B" | L3: Total unitário mensal do posto de trabalho | M3: Total unitário do posto de trabalho no período | N3: Quantidade de profissionais por posto de trabalho | O3: Total mensal estimado da Contratação | P3: Total estimado da contratação para o período
D4: Salário | E4: Encargos Sociais | F4: Total unitário montante "A" | G4: Valor mensal do Auxílio-alimentação | H4: Valor do auxílio-transporte mensal - parte da empresa | I4: Total unitário montante "B" | O4: Previsão Mensal Inicial | P4: Previsão Mensal Total
M6: 12
E7: ='Anexo IF Encargos 1º ano'!E38 -> 0.740702 | K7: ='Anexo IF Encargos 1º ano'!K16 -> 0.31020408 | M7: meses
A8: Carregamento de bens móveis CBO 7832-10 | B8: 44 horas semanais (Seg à Sex) | C8: SEAC/DF x SINDISERVIÇOS/DF 2022/2022 1º/01/2022 a 31/12/2022 | D8: 1605.22 | E8: =D8*$E$7 -> 1188.9897 | F8: =SUM(D8:E8) -> 2794.2097 | G8: ='Anexo IA HORAS,VT,Vl'!P6 -> 779 | H8: ='Anexo IA HORAS,VT,Vl'!I29 -> 129.1868 | I8: =SUM(G8:H8) -> 908.1868 | J8: =F8+I8 -> 3702.3965 | K8: =J8*$K$7 -> 1148.4985 | L8: =SUM(J8:K8) -> 4850.895 | M8: =L8*$M$6 -> 58210.74 | N8: 8 | O8: =L8*N8 -> 38807.16 | P8: =O8*$M$6 -> 465685.92
A9: Supervisão geral CBO 4101-05 | D9: 3873.92 | E9: =D9*$E$7 -> 2869.4203 | F9: =SUM(D9:E9) -> 6743.3403 | G9: ='Anexo IA HORAS,VT,Vl'!P7 -> 779 | H9: ='Anexo IA HORAS,VT,Vl'!I30 -> 0 | I9: =SUM(G9:H9) -> 779 | J9: =F9+I9 -> 7522.3403 | K9: =J9*$K$7 -> 2333.4607 | L9: =SUM(J9:K9) -> 9855.801 | M9: =L9*$M$6 -> 118269.61 | N9: 1 | O9: =L9*N9 -> 9855.801 | P9: =O9*$M$6 -> 118269.61
A10: Subtotal 1 | F10: =SUM(F8:F9) -> 9537.55 | I10: =SUM(I8:I9) -> 1687.1868 | J10: =SUM(J8:J9) -> 11224.737 | N10: =SUM(N8:N9) -> 9 | O10: =P10/M6 -> 48662.961 | P10: =SUM(P8:P9) -> 583955.53
A11: I - PLANO AMBULATORIAL - RESSARCIMENTO (Valor máximo admitido - pode ser alterado pela licitante em caso de adoção de outra CCT) | M11: Quantidade | N11: Valor unitário | O11: Valor Mensal | P11: Valor período
M12: =N10 -> 9 | N12: 169.67 | O12: =M12*N12 -> 1527.03 | P12: =O12*M6 -> 18324.36
A13: II - ASSISTÊNCIA ODONTOLÓGICA - RESSARCIMENTO (Valor máximo admitido - pode ser alterado pela licitante em caso de adoção de outra CCT) | M13: Quantidade | N13: Valor unitário | O13: Valor Mensal | P13: Valor período
M14: =N10 -> 9 | N14: 11.27 | O14: =M14*N14 -> 101.43 | P14: =O14*M6 -> 1217.16
A15: III - SEGURO DE VIDA - RESSARCIMENTO (Valor máximo admitido - pode ser alterado pela licitante em caso de contratação de apólice de menor valor ou em caso de adoção de outra CCT) | M15: Quantidade | N15: Valor unitário | O15: Valor Mensal | P15: Valor período
M16: =N10 -> 9 | N16: 2.5 | O16: =M16*N16 -> 22.5 | P16: =O16*M6 -> 270
A17: IV - UNIFORME CARREGAMENTO DE BENS - RESSARCIMENTO (Valor máximo admitido - pode ser alterado pela licitante) | M17: Quantidade | N17: Valor Unitário Total | O17: Valor Mensal Total | P17: Valor período
M18: N/A | N18: ='Anexo IB Uniformes'!F7 -> 2401.6 | O18: =N18/12 -> 200.13333 | P18: =O18*M6 -> 2401.6
A19: IV - UNIFORME SUPERVISÃO - RESSARCIMENTO (Valor máximo admitido - pode ser alterado pela licitante) | M19: Quantidade | N19: Valor Unitário Total | O19: Valor Mensal Total | P19: Valor período
M20: =N9 -> 1 | N20: ='Anexo IB Uniformes'!F17 -> 424.1 | O20: ='Anexo IB Uniformes'!F18 -> 35.341667 | P20: =O20*M6 -> 424.1
A21: V - EQUIPAMENTOS - EPI (Valor máximoa dmitido - pode ser alterao pelo licitante) | M21: Quantidade | N21: Valor Unitário Total | O21: Valor Mensal Total | P21: Valor período
M22: 8 | N22: ='Anexo IC EPI'!H9 -> 1204 | O22: =N22/12 -> 100.33333 | P22: =O22*12 -> 1204
A23: V - AUXÍLIO-TRANSPORTE (ENTORNO) RESSARCIMENTO (Valor máximo admitido - pode ser alterado pela licitante) | O23: Valor Mensal | P23: Valor período
O24: ='Anexo IE Ressarcimento Entorno'!O14 -> 508.4 | P24: =O24*M6 -> 6100.8
A25: Subtotal 2 | O25: =SUM(O11:O24) -> 2495.1683 | P25: =SUM(P11:P24) -> 29942.02
A26: VALOR MÁXIMO ESTIMADO DO CONTRATO (para o 1º ano) | O26: Valor Mensal | P26: Valor para 12 meses
O27: =O10+O25 -> 51158.129 | P27: =O27*M6 -> 613897.55

Sheet Anexo IA HORAS,VT,Vl
B3: PLANILHA DE HORAS ANUAIS 01/11/2022 a 31/10/2023 | K3: AUXÍLIO-ALIMENTAÇÃO
B4: Período | C4: Dias da Semana | H4: Quantidade de horas úteis por mês | K4: Posto de Trabalho | L4: Valor Unitário | M4: Desconto de CCT ou PAT (poderá ser alterado em caso de adoção de outra CCT ou adesão ao PAT) | N4: Dias Úteis | O4: Total período | P4: Total Mensal
C5: Nº de Segundas a Quintas | D5: Nº de Sextas | E5: Nº de Sábados | F5: Nº de Domingos e Feriados | G5: Nº de Feriados Forenses | H5: 44 horas semanais | M5: 0
B6: 44866 | C6: 15 | D6: 4 | E6: 4 | F6: 6 | G6: 1 | H6: 168 | K6: ='Anexo I Planilha 1º ano'!A8 -> Carregamento de bens móveis CBO 7832-10 | L6: 38 | M6: 0 | N6: =$H$19 -> 246 | O6: =(L6-M6)*N6 -> 9348 | P6: =O6/'Anexo I Planilha 1º ano'!$M$6 -> 779
B7: 44896 | C7: 16 | D7: 5 | E7: 5 | F7: 4 | G7: 1 | H7: 188 | K7: ='Anexo I Planilha 1º ano'!A9 -> Supervisão geral CBO 4101-05 | L7: 38 | M7: 0 | N7: =$H$19 -> 246 | O7: =(L7-M7)*N7 -> 9348 | P7: =O7/'Anexo I Planilha 1º ano'!$M$6 -> 779
B8: 44927 | C8: 18 | D8: 4 | E8: 4 | F8: 5 | G8: 0 | H8: 192
B9: 44958 | C9: 14 | D9: 4 | E9: 4 | F9: 5 | G9: 1 | H9: 160
B10: 44986 | C10: 18 | D10: 5 | E10: 4 | F10: 4 | G10: 0 | H10: 200
B11: 45017 | C11: 14 | D11: 2 | E11: 5 | F11: 7 | G11: 2 | H11: 148 | K11: CÁLCULO DO VALOR DA HORA - 1º ANO
B12: 45047 | C12: 18 | D12: 4 | E12: 4 | F12: 5 | G12: 0 | H12: 192 | K12: Postos de Trabalho | L12: Valor Mensal | M12: Divisor | N12: Valor da Hora
B13: 45078 | C13: 16 | D13: 5 | E13: 4 | F13: 5 | G13: 0 | H13: 184
B14: 45108 | C14: 17 | D14: 4 | E14: 5 | F14: 5 | G14: 0 | H14: 188 | K14: ='Anexo I Planilha 1º ano'!A8 -> Carregamento de bens móveis CBO 7832-10 | L14: ='Anexo I Planilha 1º ano'!L8 -> 4850.895 | M14: 220 | N14: =L14/M14 -> 22.049523
B15: 45139 | C15: 19 | D15: 3 | E15: 4 | F15: 4 | G15: 1 | H15: 192 | K15: ='Anexo I Planilha 1º ano'!A9 -> Supervisão geral CBO 4101-05 | L15: ='Anexo I Planilha 1º ano'!L9 -> 9855.801 | M15: 220 | N15: =L15/M15 -> 44.799095
B16: 45170 | C16: 15 | D16: 5 | E16: 5 | F16: 5 | G16: 0 | H16: 180
B17: 45200 | C17: 17 | D17: 4 | E17: 3 | F17: 6 | G17: 1 | H17: 180
B18: Total de dias úteis | C18: =SUM(C6:C17) -> 197 | D18: =SUM(D6:D17) -> 49 | E18: Total de horas | H18: =SUM(H6:H17) -> 2172
B19: Total de dias úteis | H19: =C18+D18 -> 246
B21: AUXÍLIO-TRANSPORTE
B22: Posto de trabalho | C22: Salário | D22: 12 meses (12 * salário) | E22: Dias úteis no ano | F22: Resultado (12 meses /dias úteis) | G22: Percentual de participação funcionário (6%) | H22: Dias Trabalhados no ano | I22: Participação funcionário (anual)
B24: ='Anexo I Planilha 1º ano'!A8 -> Carregamento de bens móveis CBO 7832-10 | C24: ='Anexo I Planilha 1º ano'!D8 -> 1605.22 | D24: =C24*'Anexo I Planilha 1º ano'!$M$6 -> 19262.64 | E24: =$H$19 -> 246 | F24: =D24/E24 -> 78.303415 | G24: =F24*0.06 -> 4.6982049 | H24: =E24 -> 246 | I24: =G24*H24 -> 1155.7584
B25: ='Anexo I Planilha 1º ano'!A9 -> Supervisão geral CBO 4101-05 | C25: ='Anexo I Planilha 1º ano'!D9 -> 3873.92 | D25: =C25*'Anexo I Planilha 1º ano'!$M$6 -> 46487.04 | E25: =$H$19 -> 246 | F25: =D25/E25 -> 188.97171 | G25: =F25*0.06 -> 11.338302 | H25: =E25 -> 246 | I25: =G25*H25 -> 2789.2224
B27: Posto de trabalho | C27: Valor unitário do vale | D27: Quantidade diária | E27: Dias úteis no ano | F27: Resultado | G27: Participação funcionário (anual) | H27: Participação empresa (anual) | I27: Participação empresa (mensal)
B29: =B24 -> Carregamento de bens móveis CBO 7832-10 | C29: 5.5 | D29: 2 | E29: =E24 -> 246 | F29: =(C29*D29)*E29 -> 2706 | G29: =I24 -> 1155.7584 | H29: =IF(F29-G29<=0,0,F29-G29) -> 1550.2416 | I29: =H29/12 -> 129.1868
B30: =B25 -> Supervisão geral CBO 4101-05 | C30: 5.5 | D30: 2 | E30: =E25 -> 246 | F30: =(C30*D30)*E30 -> 2706 | G30: =I25 -> 2789.2224 | H30: =IF(F30-G30<=0,0,F30-G30) -> 0 | I30: =H30/12 -> 0
X32: =O16+#REF! -> #REF!

Sheet Anexo IIC - Encargos 2º ano
B2: PLANILHA DE COMPOSIÇÃO DOS PERCENTUAIS - A PARTIR DO 2º ANO
B4: MÁXIMOS DE ENCARGOS SOCIAIS | G4: CUSTOS INDIRETOS, TRIBUTOS E LUCRO - CITL
B5: Item | C5: Título | D5: R A T /FAP (*) PODERÁ SER ALTERADO | G5: TRIBUTAÇÃO | J5: Cumulativa | K5: Não Cumulativa
D6: 0.03 | E6: 2
B7: Módulo "A" | D7: % | G7: DESCRIÇÃO | J7: % | K7: %
B8: 1 | C8: PREVIDÊNCIA SOCIAL - PODERÁ SER ALTERADO | D8: 0.2 | G8: CUSTOS INDIRETOS* | I8: A | J8: 0.05 | K8: 0.05
B9: 2 | C9: SESI / SESC - NÃO PODERÁ SER ALTERADO | D9: 0.015 | G9: LUCRO* | I9: B | J9: 0.07 | K9: 0.07
B10: 3 | C10: SENAI / SENAC - NÃO PODERÁ SER ALTERADO | D10: 0.01 | G10: TRIBUTOS - SOMATÓRIO: | I10: C | J10: =SUM(J11:J14) -> 0.0865 | K10: =SUM(K11:K14) -> 0.1425
B11: 4 | C11: INCRA - NÃO PODERÁ SER ALTERADO | D11: 0.002 | I11: ISS | J11: 0.05 | K11: 0.05
B12: 5 | C12: SALÁRIO EDUCAÇÃO - NÃO PODERÁ SER ALTERADO | D12: 0.025 | I12: COFINS | J12: 0.03 | K12: 0.076
B13: 6 | C13: F G T S - NÃO PODERÁ SER ALTERADO | D13: 0.08 | I13: PIS | J13: 0.0065 | K13: 0.0165
B14: 7 | C14: RISCO ACIDENTE DE TRABALHO AJUSTADO (**) | D14: =D6*E6 -> 0.06 | I14: CPRB** | J14: 0 | K14: 0
B15: 8 | C15: SEBRAE - NÃO PODERÁ SER ALTERADO | D15: 0.006 | G15: TOTAL DO CITL | J15: =(((1+J8)*(1+J9))/(1-J10))-1 -> 0.22988506 | K15: =(((1+K8)*(1+K9))/(1-K10))-1 -> 0.31020408
B16: Total do Módulo "A" | D16: =SUM(D8:D15) -> 0.398 | G16: Fórmula do citl
B17: Módulo B | D17: %
B18: 9 | C18: 13º SALÁRIO - NÃO PODERÁ SER ALTERADO | D18: =100%/11 -> 0.090909091 | G18: Onde:
B19: 10 | C19: FÉRIAS - NÃO PODERÁ SER ALTERADO | D19: =100%/11 -> 0.090909091 | G19: A = Custos indiretos;
B20: 11 | C20: ABONO DE FÉRIAS - NÃO PODERÁ SER ALTERADO | D20: =100%/3/11 -> 0.03030303 | G20: B = Lucro; e
B21: 12 | C21: AUXÍLIO DOENÇA - PODERÁ SER ALTERADO | D21: 0.0139 | G21: C = Tributos - somatório
B22: 13 | C22: LICENÇA PATERNIDADE - PODERÁ SER ALTERADO | D22: 0.0002 | G22: *Incluem custo com salário, encargos e auxílios do preposto
B23: 14 | C23: FALTAS LEGAIS - PODERÁ SER ALTERADO | D23: 0.0028 | G23: **Contribuição Previdenciária sobre a Receita Bruta - lei 12.546/2011
B24: 15 | C24: ACIDENTE DO TRABALHO - PODERÁ SER ALTERADO | D24: 0.0003
B25: Total do Módulo "B" | D25: =SUM(D18:D24) -> 0.22932121
B26: Módulo C | D26: %
B27: 16 | C27: AVISO PRÉVIO INDENIZADO - PODERÁ SER ALTERADO | D27: 0.0042
B28: 17 | C28: AVISO PRÉVIO - PODERÁ SER ALTERADO | D28: 0.0004
B29: 18 | C29: INDENIZAÇÃO ADICIONAL - PODERÁ SER ALTERADO | D29: 0.0008
B30: 19 | C30: FGTS RECISÕES SEM JUSTA CAUSA - PODERÁ SER ALTERADO | D30: 0.0288
B31: Total do Módulo "C" | D31: =SUM(D27:D30) -> 0.0342
B32: Módulo D | D32: %
B33: 20 | C33: INCIDÊNCIA DE A SOBRE B | D33: =D16*(D25-D20) -> 0.079209236
B34: Total do Módulo "D" | D34: =SUM(D33) -> 0.079209236
B35: TOTAL DOS ENCARGOS SOCIAIS | E35: =(D16+D25+D31+D34) -> 0.74073045
B36: (*) Risco Acidente de Trabalho / Fator Acidentário de Prevenção
B37: (**) Variação das alíquotas de 0,5% a 6% de RAT, devido a incidência do FAP

Sheet Anexo IB Uniformes
B2: CARREGAMENTO DE BENS MÓVEIS (UNIFORME MASCULINO)
B3: Item | C3: Nº de peças a serem fornecidas anualmente* | D3: Descrição do uniforme | E3: Valor unitário | F3: Valor total
B4: 1 | C4: 24 | D4: Camisa polo lisa de malha fria com manga curta na cor azul escura ou preta | E4: 44.9 | F4: =E4*C4 -> 1077.6
B5: 2 | C5: 16 | D5: Calça jeans azul escura com ziper e botão para fechamento no cós com 2 (dois) bolsos na frente e 2 (dois) na parte de trás. | E5: 58.9 | F5: =E5*C5 -> 942.4
B6: 4 | C6: 24 | D6: Par de meia na cor preta, composição de 55% a 78% algodão, sendo o restante de poliamida e outras fibras. | E6: 15.9 | F6: =E6*C6 -> 381.6
B7: Valor Anual Máximo Admitido | F7: =SUM(F4:F6) -> 2401.6
B8: Valor Mensal Máximo Admitido | F8: =F7/12 -> 200.13333
B11: SUPERVISÃO (UNIFORME UNISSEX)
B12: Item | C12: Nº de peças a serem fornecidas anualmente* | D12: Descrição do Uniforme Unissex | E12: Valor unitário | F12: Valor total
B13: 1 | C13: 3 | D13: Camisa em malha piquet, gola pólo, com manga curta, identificada com o logo a empresa, em cor azul escuro ou preto. | E13: 52.9 | F13: =E13*C13 -> 158.7
B14: 2 | C14: 2 | D14: Calça em tecido "jeans" azul escura, mínimo 80% algodão, com zíper e botão para fechamento no cós; com 2 (dois) bolsos na frente e 2 (dois) bolsos na parte de trás, padronizado para todos ocupantes dos postos. | E14: 58.9 | F14: =E14*C14 -> 117.8
B15: 3 | C15: 1 | D15: Par de sapato com sola antiderrapante, sem amarração, na cor preta. | E15: 99.9 | F15: =E15*C15 -> 99.9
B16: 4 | C16: 3 | D16: Par de meia, na cor preta; composição: 78% algodão; 21% poliamida e 1% fibra. | E16: 15.9 | F16: =E16*C16 -> 47.7
B17: Valor Anual Máximo Admitido | F17: =SUM(F13:F16) -> 424.1
B18: Valor Mensal Máximo Admitido | F18: =F17/12 -> 35.341667

Sheet Anexo IC EPI
B4: Item | C4: Especificação | D4: Marca/Modelo de Referência | E4: Unidade de medida | F4: Quantidade anual | G4: Valor Unitário | H4: Valor máximo admitido
B5: 1 | C5: Par de luvas com palma antiderrapante, para manuseio de carga, em malha de algodão. | D5: - | E5: Un. | F5: 16 | G5: 8.52 | H5: =F5*G5 -> 136.32
B6: 2 | C6: Par de luvas para manuseio de carga, confeccionada em raspa de couro ou vaqueta, cano curto. | D6: - | E6: Un. | F6: 8 | G6: 10.26 | H6: =F6*G6 -> 82.08
B7: 3 | C7: Cinta estabilizadora de coluna (cinta ergonômica de segurança) com cruzamento de alças posterior. | D7: - | E7: Un. | F7: 8 | G7: 69 | H7: =F7*G7 -> 552
B8: 4 | C8: Par de botinas de couro, com planilha d emontagem com tratamento antifungo, com biqueira de aço, acolchoada internamente com espuma, com solado de borracha | D8: - | E8: Un. | F8: 8 | G8: 54.2 | H8: =F8*G8 -> 433.6
B9: VALOR TOTAL ESTIMADO MÁXIMO ADMITIDO | H9: =SUM(H5:H8) -> 1204

Sheet Anexo ID Cálculo Cobertura
B3: CÁLCULO DO PROFISSIONAL DE COBERTURA
B5: Postos de Trabalho | C5: MONTANTE "A" | I5: MONTANTE "B" | L5: Somatório Montantes "A" e "B" | M5: CITL Calculado sobre o somatório dos Montantes "A" e "B" | N5: Total unitário mensal do posto de trabalho | O5: Valor da hora da cobertura
C6: Salário | D6: 13º Salário | E6: Férias | F6: Abono de férias | G6: Incidência do Módulo A sobre 13º Salário e Férias | H6: Total unitário Montante "A" | I6: Auxílio-Alimentação | J6: Auxílio-transporte - parte da empresa | K6: Total unitário Montante "B"
D9: 0.0833 | E9: 0.0833 | F9: 0.0278 | G9: ='Anexo IIC - Encargos 2º ano'!D16 -> 0.398 | I9: Valor Mensal | J9: Valor Mensal | M9: ='Anexo IIC - Encargos 2º ano'!K15 -> 0.31020408
B10: ='Anexo I Planilha 1º ano'!A8 -> Carregamento de bens móveis CBO 7832-10 | C10: ='Anexo I Planilha 1º ano'!D8 -> 1605.22 | D10: =C10*$D$9 -> 133.71483 | E10: =C10*$E$9 -> 133.71483 | F10: =$F$9*C10 -> 44.625116 | G10: =($G$9*D10)+(E10*$G$9) -> 106.437 | H10: =C10+D10+F10+G10+E10 -> 2023.7118 | I10: ='Anexo IA HORAS,VT,Vl'!P6 -> 779 | J10: ='Anexo IA HORAS,VT,Vl'!I29 -> 129.1868 | K10: =I10+J10 -> 908.1868 | L10: =H10+K10 -> 2931.8986 | M10: =L10*$M$9 -> 909.4869 | N10: =L10+M10 -> 3841.3855 | O10: =N10/220 -> 17.460843
B11: ='Anexo I Planilha 1º ano'!A9 -> Supervisão geral CBO 4101-05 | C11: ='Anexo I Planilha 1º ano'!D9 -> 3873.92 | D11: =C11*$D$9 -> 322.69754 | E11: =C11*$E$9 -> 322.69754 | F11: =$F$9*C11 -> 107.69498 | G11: =($G$9*D11)+(E11*$G$9) -> 256.86724 | H11: =C11+D11+F11+G11+E11 -> 4883.8773 | I11: ='Anexo IA HORAS,VT,Vl'!P7 -> 779 | J11: ='Anexo IA HORAS,VT,Vl'!I30 -> 0 | K11: =I11+J11 -> 779 | L11: =H11+K11 -> 5662.8773 | M11: =L11*$M$9 -> 1756.6476 | N11: =L11+M11 -> 7419.5249 | O11: =N11/220 -> 33.725113

Sheet Plan1

Sheet Anexo IE Ressarcimento Entorno
E2: CÁLCULO DO AUXÍLIO-TRANSPORTE - ENTORNO
E3: Postos de Trabalho | F3: Salário | G3: 12 meses (12 * salário) | H3: Dias úteis no período | I3: Resultado (12 meses/dias úteis) | J3: 6% * Resultado | K3: Dias trabalhados no período | L3: Participação funcionário (período)
E7: ='Anexo I Planilha 1º ano'!A8 -> Carregamento de bens móveis CBO 7832-10 | F7: ='Anexo I Planilha 1º ano'!D8 -> 1605.22 | G7: =F7*'Anexo I Planilha 1º ano'!M6 -> 19262.64 | H7: ='Anexo IA HORAS,VT,Vl'!H19 -> 246 | I7: =G7/H7 -> 78.303415 | J7: =I7*6% -> 4.6982049 | K7: =H7 -> 246 | L7: =J7*K7 -> 1155.7584
E9: Passagem | F9: Valor do vale + R$ 2,70 do circular | G9: Qtd. diária | H9: Dias úteis no período | I9: Resultado | J9: Participação do funcionário | K9: Participação da empresa | L9: Participação da empresa (mensal) | M9: Diferença (mensal) | N9: Quantidade de colaboradores | O9: Total (mensal)
E11: Bilhete único | F11: 5.5 | G11: 2 | H11: =H7 -> 246 | I11: =F11*G11*H11 -> 2706 | J11: =$L$7 -> 1155.7584 | K11: =IF(I11-J11<=0,0,I11-J11) -> 1550.2416 | L11: =K11/'Anexo I Planilha 1º ano'!M6 -> 129.1868
E12: 6 | F12: =E12+2.7 -> 8.7 | G12: 2 | H12: =$H$7 -> 246 | I12: =F12*G12*H12 -> 4280.4 | J12: =$L$7 -> 1155.7584 | K12: =IF(I12-J12<=0,0,I12-J12) -> 3124.6416 | L12: =K12/'Anexo I Planilha 1º ano'!$M$6 -> 260.3868 | M12: =L12-$L$11 -> 131.2 | N12: 2 | O12: =N12*M12 -> 262.4
E13: 5.8 | F13: =E13+2.7 -> 8.5 | G13: 2 | H13: =$H$7 -> 246 | I13: =F13*G13*H13 -> 4182 | J13: =$L$7 -> 1155.7584 | K13: =IF(I13-J13<=0,0,I13-J13) -> 3026.2416 | L13: =K13/'Anexo I Planilha 1º ano'!$M$6 -> 252.1868 | M13: =L13-$L$11 -> 123 | N13: 2 | O13: =N13*M13 -> 246
E14: VALOR MENSAL ESTIMADO PARA RESSARCIMENTO | O14: =SUM(O12:O13) -> 508.4
E15: VALOR ESTIMADO PARA RESSARCIMENTO NO PERÍODO DE 12 MESES | O15: =O14*'Anexo I Planilha 1º ano'!M6 -> 6100.8

Sheet Anexo IF Encargos 1º ano
B4: PLANILHA DE COMPOSIÇÃO DOS PERCENTUAIS MÁXIMOS DE ENCARGOS SOCIAIS | G4: CUSTOS INDIRETOS, TRIBUTOS E LUCRO - CITL
B5: Item | C5: Título | D5: R A T /FAP (*) | G5: TRIBUTAÇÃO | J5: Cumulativa | K5: Não Cumulativa
D7: 0.03 | E7: 0.02
C8: Módulo "A" | D8: % | G8: DESCRIÇÃO | J8: % | K8: %
B9: 1 | C9: PREVIDÊNCIA SOCIAL - PODERÁ SER ALTERADO | D9: 0.2 | G9: CUSTOS INDIRETOS* | I9: A | J9: 0.05 | K9: 0.05
B10: 2 | C10: SESI / SESC - NÃO PODERÁ SER ALTERADO | D10: 0.015 | G10: LUCRO* | I10: B | J10: 0.07 | K10: 0.07
B11: 3 | C11: SENAI / SENAC - NÃO PODERÁ SER ALTERADO | D11: 0.01 | G11: TRIBUTOS - SOMATÓRIO: | I11: C | J11: =SUM(J12:J15) -> 0.0865 | K11: =SUM(K12:K15) -> 0.1425
B12: 4 | C12: INCRA - NÃO PODERÁ SER ALTERADO | D12: 0.002 | I12: ISS | J12: 0.05 | K12: 0.05
B13: 5 | C13: SALÁRIO EDUCAÇÃO - NÃO PODERÁ SER ALTERADO | D13: 0.025 | I13: COFINS | J13: 0.03 | K13: 0.076
B14: 6 | C14: F G T S - NÃO PODERÁ SER ALTERADO | D14: 0.08 | I14: PIS | J14: 0.0065 | K14: 0.0165
B15: 7 | C15: RISCO ACIDENTE DE TRABALHO AJUSTADO (**) | D15: 0.06 | I15: CPRB** | J15: 0 | K15: 0
B16: 8 | C16: SEBRAE - NÃO PODERÁ SER ALTERADO | D16: 0.006 | G16: TOTAL DO CITL | J16: =(((1+J9)*(1+J10))/(1-J11))-1 -> 0.22988506 | K16: =(((1+K9)*(1+K10))/(1-K11))-1 -> 0.31020408
B17: Total do Módulo "A" | D17: =SUM(D9:E16) -> 0.398 | G17: Fórmula do citl
C18: Módulo "B" | D18: 1° ano | E18: A partir do 2° ano
B20: 9 | C20: 13º SALÁRIO - NÃO PODERÁ SER ALTERADO (***) | D20: 0.0833 | E20: 0.0909 | G20: Onde:
B21: 10 | C21: FÉRIAS - NÃO PODERÁ SER ALTERADO (***) | D21: 0.0833 | E21: 0.0909 | G21: A = Custos indiretos;
B22: 11 | C22: ABONO DE FÉRIAS - NÃO PODERÁ SER ALTERADO (***) | D22: 0.0278 | E22: 0.0303 | G22: B = Lucro; e
B23: 12 | C23: AUXÍLIO DOENÇA - PODERÁ SER ALTERADO | D23: 0.0139 | G23: C = Tributos - somatório
B24: 13 | C24: LICENÇA PATERNIDADE - PODERÁ SER ALTERADO | D24: 0.0002 | G24: *Incluem custo com salário, encargos e auxílios do preposto
B25: 14 | C25: FALTAS LEGAIS - PODERÁ SER ALTERADO | D25: 0.0028 | G25: **Contribuição Previdenciária sobre a Receita Bruta - lei 12.546/2011
B26: 15 | C26: ACIDENTE DO TRABALHO - PODERÁ SER ALTERADO | D26: 0.0003
B27: Total do Módulo "B" | D27: =SUM(D20:D22)+SUM(D23:E26) -> 0.2116 | E27: =SUM(E20:E22)+SUM(D23:E26) -> 0.2293
B28: Módulo C | D28: %
B29: 16 | C29: AVISO PRÉVIO INDENIZADO - PODERÁ SER ALTERADO | D29: 0.0042 | G29: PERCENTUAIS PARA CONTINGENCIAMENTO DE ENCARGOS TRABALHISTAS
B30: 17 | C30: AVISO PRÉVIO - PODERÁ SER ALTERADO | D30: 0.0004
B31: 18 | C31: INDENIZAÇÃO ADICIONAL - PODERÁ SER ALTERADO | D31: 0.0008 | G31: Item | H31: 1° ano | I31: A partir do 2° ano
B32: 19 | C32: FGTS RECISÕES SEM JUSTA CAUSA - PODERÁ SER ALTERADO | D32: 0.0288
B33: Total do Módulo "C" | D33: =SUM(D29:D32) -> 0.0342
B34: Módulo D | D34: % | G34: Grupo "A" | H34: =D17 -> 0.398 | I34: =D17 -> 0.398
B35: 20 | C35: INCIDÊNCIA DE A SOBRE B | D35: =D17*(D27-D22) -> 0.0731524 | E35: =D17*(E27-E22) -> 0.079202 | G35: TÍTULO | H35: %
B36: Total do Módulo "D" | D36: =SUM(D35) -> 0.0731524 | E36: =SUM(E35) -> 0.079202 | G36: 13º SALÁRIO | H36: =D20 -> 0.0833 | I36: =E20 -> 0.0909
B37: TOTAL DOS ENCARGOS SOCIAIS | D37: 1 ° ano | E37: A partir do 2° ano | G37: FÉRIAS | H37: =D21 -> 0.0833 | I37: =E21 -> 0.0909
D38: =SUM(D17+D27+D33+D36) -> 0.7169524 | E38: =SUM(D17+E27++D33+E36) -> 0.740702 | G38: Subtotal | H38: =SUM(H36:H37) -> 0.1666 | I38: =SUM(I36:I37) -> 0.1818
B39: (*) Risco Acidente de Trabalho / Fator Acidentário de Prevenção | G39: INCIDÊNCIA GRUPO "A" (*) | H39: =H34*H38 -> 0.0663068 | I39: =I38*(I34) -> 0.0723564
B40: (**) Variação das alíquotas de 0,5% a 6% de RAT, devido a incidência do FAP | G40: ABONO DE FÉRIAS | H40: =D22 -> 0.0278 | I40: =E22 -> 0.0303
B41: (***) Em caso de aus~encia de cobertura de férias, deverá ser alterado o dividor para 11 meses, à partir do segundo ano de contrato | G41: FGTS RECISÕES SEM JUSTA CAUSA | H41: =D32 -> 0.0288 | I41: =D32 -> 0.0288
G42: A CONTINGENCIAR | H42: =SUM(H38:H41) -> 0.2895068 | I42: =SUM(I38:I41) -> 0.3132564
